 Dungeon Crawl Stone Soup version 0.31.0-32-g396128a36d (webtiles) character file.

Game seed: 10114816049707917753

980 mainiacjoe the Sneak (level 8, -5/46 HPs)
             Began as an Octopode Earth Elementalist on Mar 23, 2024.
             Slain by an orc
             ... wielding a +0 hand axe
              (7 damage)
             ... on level 5 of the Dungeon.
             The game lasted 00:15:51 (4721 turns).

mainiacjoe the Sneak (Octopode Earth Elementalist)  Turns: 4721, Time: 00:15:52

Health: -5/46      AC:  1    Str:  8    XL:     8   Next: 17%
Magic:  4/12       EV: 13    Int: 17    God:
Gold:   116        SH:  0    Dex: 20    Spells: 2/13 levels left

rFire   . . .        a - +1 rapier
rCold   . . .        (no shield)
rNeg    . . .        (helmet restricted)
rPois   .            (no amulet)
rElec   .            c - ring of wizardry
rCorr   .            h - +6 ring of dexterity
SInv    .            (no ring)
Will    .....        (no ring)
Stlth   +++++        (no ring)
HPRegen 0.27/turn    (no ring)
MPRegen 0.13/turn    (no ring)
                     (no ring)

%: wizardry (x1)
@: no status effects
A: almost no armour, amphibious, 8 rings, camouflage 1, gelatinous body 1,
(nimble swimmer 1), tentacles
a: no special abilities


You were on level 5 of the Dungeon.
You visited 1 branch of the dungeon, and saw 5 of its levels.
You also visited: Sewer.

You collected 116 gold pieces.

Inventory:

Hand Weapons
 a - a +1 rapier (weapon)
 b - a +0 dagger
Missiles
 i - 2 javelins
 j - 21 stones
 l - 6 boomerangs
Jewellery
 c - a ring of wizardry (left tentacle)
 h - a +6 ring of dexterity (right tentacle)
 p - an amulet of faith
Scrolls
 e - a scroll of teleportation
 k - a scroll of poison
 m - a scroll of enchant armour
 o - a scroll of immolation
Potions
 d - a potion of magic
 f - 3 potions of haste
 g - a potion of enlightenment
 n - a potion of brilliance {unknown}
 q - 3 potions of mutation {unknown}
 r - a potion of invisibility {unknown}
 s - 2 potions of resistance {unknown}


   Skills:
 + Level 4.2 Short Blades
 - Level 2.0 Dodging
 + Level 6.9 Stealth
 + Level 3.0 Spellcasting
 - Level 1.0 Conjurations
 + Level 6.3 Earth Magic
 + Level 2.0 Alchemy


You had 2 spell levels left.
You knew the following spells:

 Your Spells              Type           Power      Damage    Failure   Level
a - Sandblast             Erth           48%        2d12      1%          1
b - Petrify               Alch/Erth      16%        N/A       12%         4
c - Stone Arrow           Conj/Erth      30%        3d8       4%          3
z - Passwall              Erth           24%        N/A       1%          3

Your spell library contained the following spells:

 Spells                   Type           Power      Damage    Failure   Level
 Shock                    Conj/Air       16%        1d4       6%          1
 Necrotise                Necr           8%         1d4       7%          1
 Brom's Barrelling Bould  Conj/Erth      15%        2d4       16%         4
 Swiftness                Air            2%         N/A       21%         3
 Vampiric Draining        Necr           2%         2d6       21%         3
 Airstrike                Air            1%         2d(1-17)  52%         4
 Martyr's Knell           Necr/Summ      2%         N/A       52%         4
 Curse of Agony           Necr           2%         N/A       86%         5
 Lehudib's Crystal Spear  Conj/Erth      7%         10d3      100%        8
 Animate Armour           Summ/Erth      Unusable   N/A       N/A         4

Dungeon Overview and Level Annotations

Branches:
Dungeon (5/15)              Sewer (visited)
 Temple: D:4-7

Altars:
Nemelex Xobeh
Trog
Zin

Shops:
D:1 (


Innate Abilities, Weirdness & Mutations

You cannot wear most types of armour.
You are amphibious.
You can wear up to eight rings at the same time.
Your skin changes colour to match your surroundings (Stealth+).
Your rubbery body absorbs attacks. (AC +1, EV +1)
((You are camouflaged when in or above water. (Stealth+)))
You have tentacles for arms and can constrict up to eight enemies at once.


Message History

An orc comes into view. It is wielding a +0 hand axe.
You hit something but do no damage. Something hits you.
The orc barely misses you.
You puncture something!
Reactivating autopickup.
You feel a bit more experienced. The orc closely misses you.
Things that are here:
a +0 dagger; a +0 robe; an orc corpse You hit the orc.
You grab the orc.
The orc is lightly wounded.
You constrict the orc, but do no damage.
You hit the orc but do no damage.
The orc is lightly wounded.
You constrict the orc. The orc hits you with a +0 short sword.
* * * LOW HITPOINT WARNING * * *
The orc hits you with a +0 hand axe.
* * * LOW HITPOINT WARNING * * *
Casting: Sandblast (safe; 1% risk of failure)
Confirm with . or Enter, or press ? or * to list all spells.
Aiming: Sandblast (safe; 1% risk of failure)
Press: ? - help, Shift-Dir - straight line, f - orc
Aim: an orc, wielding a +0 hand axe and wearing a +0 chain mail (87% to hit)
The blast of sand hits the orc but does no damage.
You constrict the orc, but do no damage.
The orc hits you with a +0 short sword.
* * * LOW HITPOINT WARNING * * *
The orc closely misses you. The orc hits you with a +0 short sword.
* * * LOW HITPOINT WARNING * * *
The orc hits you with a +0 hand axe.
* * * LOW HITPOINT WARNING * * *
Casting: Sandblast (safe; 1% risk of failure)
Confirm with . or Enter, or press ? or * to list all spells.
Aiming: Sandblast (safe; 1% risk of failure)
Press: ? - help, Shift-Dir - straight line, f/p - orc
Aim: an orc, wielding a +0 hand axe and wearing a +0 chain mail (87% to hit)
The blast of sand hits the orc but does no damage.
You constrict the orc.
You kill the orc!
The orc hits you with a +0 hand axe!
You die...

#...........
#...........
#...........
#...........
#...........
#.).....#...
#.#)###.#
#.#o#...#
g..##.#@$.#
.........##
...##.#.##
##.##.#.# .
....#.#.# ..
#...#.# ..
#.....#
#.#[.#..###
g.#....#....##


You could see an orc.

Vanquished Creatures
  Sigmund (D:4)
  A water moccasin (D:3)
  An ogre (D:5)
  A phantom (D:4)
  2 bullfrogs (Sewer)
  2 iguanas
  3 orc wizards
  A gnoll (D:5)
  13 adders
  6 river rats
  A dart slug (D:2)
  A ribbon worm (D:2)
  7 orcs
  8 bats
  4 endoplasms
  8 giant cockroaches
  6 goblins
  6 hobgoblins
  8 jackals
  3 quokkas
  14 ball pythons
  A frilled lizard (Sewer)
  A kobold (D:2)
  39 rats
  A spectral goblin (D:3)
139 creatures vanquished.

Notes
Turn   | Place    | Note
-------+----------+-------------------------------------------
     0 | D:1      | mainiacjoe the Octopode Earth Elementalist began the quest
                  | for the Orb.
     0 | D:1      | Reached XP level 1. HP: 11/11 MP: 3/3
   104 | D:1      | Found Buohily's Weapon Boutique.
   145 | D:1      | Reached XP level 2. HP: 17/17 MP: 1/5
   660 | D:1      | Reached skill level 1 in Short Blades
   768 | D:1      | Reached XP level 3. HP: 21/21 MP: 4/6
   772 | D:1      | Learned a level 3 spell: Passwall
  1323 | D:2      | Reached XP level 4. HP: 24/27 MP: 4/7
  1670 | D:2      | Found a bloodstained altar of Trog.
  1858 | D:3      | Learned a level 3 spell: Stone Arrow
  2167 | D:3      | Found a faded altar of an unknown god.
  2331 | D:3      | Reached XP level 5. HP: 31/31 MP: 4/8
  2400 | D:3      | Noticed a water moccasin
  2405 | D:3      | Killed a water moccasin
  2406 | D:3      | Reached skill level 5 in Earth Magic
  2406 | D:3      | Reached XP level 6. HP: 24/36 MP: 0/9
  2903 | D:4      | Found a glowing drain.
  2909 | D:4      | Reached skill level 5 in Stealth
  2910 | Sewer    | Entered a sewer
  3501 | Sewer    | Reached XP level 7. HP: 41/41 MP: 3/10
  3644 | D:4      | Found a glowing silver altar of Zin.
  3800 | D:4      | Found a sparkling altar of Nemelex Xobeh.
  3886 | D:4      | Learned a level 4 spell: Petrify
  4082 | D:4      | Noticed Sigmund
  4108 | D:4      | Killed Sigmund
  4109 | D:4      | Reached skill level 1 in Alchemy
  4413 | D:5      | Entered Level 5 of the Dungeon
  4457 | D:5      | HP: 1/41 [iguana (13)]
  4565 | D:5      | Reached XP level 8. HP: 22/46 MP: 7/12
  4656 | D:5      | Learned a level 3 spell: Stone Arrow
  4720 | D:5      | HP: 2/46 [orc/+0 hand axe (4)]
  4721 | D:5      | Slain by an orc

Illustrated notes

Levels and vault maps discovered:
D:1:      dpeg_arrival_long_road, layout_basic, serial_shops, shop,
          minmay_rat_gold_closets
D:2:      layout_loops_ring, basic_altar
D:3:      layout_basic, dreamdust_ecumenical_altar_drowned_temple
D:4:      layout_basic, mainiacjoe_overflow_large_starburst,
          portal_sewer_entry_e, kennysheep_generic_room_9, uniq_sigmund
D:5:      layout_rooms, grunt_gozag_statues, lemuel_tele_altar,
          minmay_misc_feat_columns, minmay_misc_feat_nine_boxes, hellmonk_no_cap

Skill      XL: |  1  2  3  4  5  6  7  8 |
---------------+-------------------------+-----
Stealth        | 3 4 5 6 |  6.9
Short Blades   | 1 2 3 4 |  4.2
Earth Magic    | 4 5 6 |  6.3
Alchemy        | 1 2 |  2.0
Spellcasting   | 3 |  3.0
Dodging        | |  2.0
Conjurations   | |  1.0

Action                     |  1- 3 |  4- 6 |  7- 9 || total
---------------------------+-------+-------+-------++-------
  Melee: Constrict         |     4 |    10 |     3 ||    17
         Dagger            |     5 |       |     3 ||     8
         Tentacles         |     3 |     5 |     3 ||    11
         Rapier            |    12 |    47 |    22 ||    81
  Throw: Javelin           |       |     3 |       ||     3
   Cast: Sandblast         |    42 |    72 |    34 ||   148
         Passwall          |     3 |     5 |     3 ||    11
         Stone Arrow       |       |     9 |     2 ||    11
         Petrify           |       |       |     2 ||     2
    Use: Scroll            |     5 |     2 |     3 ||    10
   Stab: Sleeping          |     3 |     7 |     4 ||    14
 Armour: Skin              |    12 |    43 |    30 ||    85
  Dodge: Dodged            |    14 |    56 |    19 ||    89
